← All builds
Geo sea / Cortex / Economy first / OBSERVED BUILD

Standard geo sea

Cortex Geo sea build order · Supreme Isthmus

The role's default economy-first play: bot lab then shipyard in the cove, quick frigate/submarine/destroyer navy to contest sea and hold the coast, transitioning into whatever the sea fight needs.

Usually shipyard in the cove (98%)

#naval #eco · 976 distinct matches · 100 players · 83% of Cortex Geo sea games · team won 52% of 1095 · Recently observed

HOW TO PLAY IT

Key timing: Shipyard by 3:18

  1. Open 3 mex, wind and solar, then Bot Lab.
  2. Get a BP and costal torpedo launcher up before the Shipyard.
  3. Put up Shipyard once you can defend it.
  4. Push out "submarine" and "frigate" to contest the sea.
  5. Add geothermal to fund the fleet transition into "destroyer", "missile corvette".

Phase by phase

TYPICAL OF ITS 976 GAMES
  1. 1
  2. 2
  3. 3
  4. 4
PLAY THE OPENING

Follow the example game's first 6:00 step by step: what to build now, what comes next, and where it goes. At 1× it keeps pace with your own game.

  1. 1

    Up to the Bot Lab

    Economy
    • Metal Extractor3Mex
    • Wind Turbine3Wind
    Order
    1. Bot LabBot Lab after 3 mex, 3 winddone ~1:12, middle half 1:06–1:26

    Some games also: wind for allies (49%)

    By 0:55 in all: 3 mex · 3 wind

    The example game in this phase · 3 steps
    1. Mex ×3
    2. Wind ×3
    3. Bot LabBot Labdone 1:05 · typical 1:12
  2. 2

    Bot Lab to Shipyard

    Economy
    • Metal Extractor1Mex
    • Wind Turbine2Wind
    Order
    1. ShipyardShipyard after 4 mex, 5 wind, 1 energy storagedone ~3:17, middle half 3:02–3:33
    Builders
    • Construction Bot3 Con bot
    • Graverobber2 Graverobber
    Army
    • Grunt1 Grunt

    Some games also: con turret (46%) · trasher (39%) · energy storage (34%) · wind for allies (32%)

    By 2:51 in all: 4 mex · 5 wind

    The example game in this phase · 11 steps
    1. Wind
    2. GraverobberGraverobber
    3. Windfor Air
    4. GraverobberGraverobber
    5. Windfor Air
    6. Construction BotCon bot
    7. TrasherTrasher
    8. Construction BotCon bot ×3
    9. Mex
    10. Construction BotCon bot ×2
    11. ShipyardShipyarddone 2:58 · typical 3:17
  3. 3

    Shipyard to 5:00

    Economy
    • Metal Extractor4Mex
    Builders
    • Construction Ship1 Con ship
    Army
    • Riptide2 Frigate
    • Orca1 Submarine
    Other
    • Radar Tower1 Radar Tower

    Some games also: Guard (49%) · wind (48%) · missile corvette (48%) · destroyer (46%) · gunboat (40%)

    By 5:00 in all: 8 mex · 6 wind · 1 energy storage · 1 con turret

    The example game in this phase · 13 steps
    1. Mex
    2. GruntGrunt
    3. Mex
    4. OrcaSubmarinedone 3:44 · typical 4:19
    5. GuardGuard ×2
    6. Construction ShipCon ship
    7. Converter
    8. RiptideFrigatedone 4:28 · typical 4:35
    9. Converter
    10. Mex
    11. OppressorDestroyerdone 4:56 · typical 5:52
    12. Mex
    13. HerringMissile corvette
  4. 4

    5:00 to 10:00

    Economy
    • Metal Extractor2Mex
    • Wind Turbine8Wind
    • Energy Converter1Converter
    Builders
    • Construction Turret1 Con turret
    • Death Cavalry2 Death Cavalry
    • Construction Ship1 Con ship
    Army
    • Guard2 Guard
    • Riptide5 Frigate
    • Oppressor2 Destroyer
    Other
    • Naval Radar / Sonar Tower2 Naval Radar / Sonar Tower

    Some games also: geo (47%) · Thistle (40%) · submarine (34%)

    By 10:00 in all: 10 mex · 15 wind · 1 geo · 4 converter · 1 energy storage · 2 con turret

    The example game in this phase · 160 steps
    1. Death CavalryDeath Cavalry
    2. Radar TowerRadar Tower
    3. Geothermal PowerplantGeodone 6:55 · typical 7:59
    4. Construction ShipCon ship
    5. Con turret
    6. RiptideFrigate
    7. OppressorDestroyer
    8. Mex ×2
    9. Naval Radar / Sonar TowerNaval Radar / Sonar Tower
    10. ThistleThistle
    11. HerringMissile corvette
    12. Mex
    13. Advanced Metal ExtractorT2 mexdone 8:17 · typical 9:22
    14. Death CavalryDeath Cavalry
    15. GuardGuard
    16. Converter
    17. ThistleThistle
    18. RiptideFrigate
    19. OppressorDestroyer
    20. GuardGuard ×2
    21. Advanced Metal ExtractorT2 mex
    22. HerringMissile corvette
    23. Death CavalryDeath Cavalry
    24. GuardGuard
    25. Naval Radar / Sonar TowerNaval Radar / Sonar Tower
    26. RiptideFrigate
    27. Advanced Metal ExtractorT2 mex
    28. HerringMissile corvette
    29. RiptideFrigate
    30. Con turret
    31. GuardGuard
    32. Construction ShipCon ship
    33. Advanced Metal ExtractorT2 mex
    34. OppressorDestroyer
    35. Wind ×2
    36. HerringMissile corvette
    37. Wind
    38. Naval Construction Turret
    39. Naval Radar / Sonar TowerNaval Radar / Sonar Tower
    40. Death CavalryDeath Cavalry
    41. Construction ShipCon ship
    42. Tidal
    43. Wind
    44. Tidal
    45. Advanced Metal ExtractorT2 mex
    46. Tidal
    47. Naval Construction Turret
    48. Con turret
    49. Wind
    50. Tidal ×2
    51. Mex
    52. Wind
    53. Tidal ×2
    54. Wind
    55. Naval Construction Turret ×3
    56. Wind
    57. Mex
    58. Wind
    59. Tidal ×3
    60. Wind
    61. Tidal
    62. Advanced Metal ExtractorT2 mex
    63. Wind
    64. Tidal
    65. Wind
    66. Tidal ×2
    67. Energy storage
    68. Tidal
    69. Naval Energy Storage
    70. Energy storage
    71. Mex
    72. Tidal ×2
    73. Con turret
    74. Wind
    75. Con turret
    76. Tidal
    77. Con turret
    78. Wind
    79. Tidal
    80. Bot LabBot Labdone 12:04
    81. Wind
    82. Naval Radar / Sonar TowerNaval Radar / Sonar Tower
    83. Bot LabBot Labdone 12:07
    84. Naval Radar / Sonar TowerNaval Radar / Sonar Tower
    85. Wind ×2
    86. SlingshotSlingshot
    87. Wind ×3
    88. SlingshotSlingshot
    89. Wind ×2
    90. Naval Radar / Sonar TowerNaval Radar / Sonar Tower
    91. GruntGrunt ×2
    92. Advanced ShipyardAdvanced Shipyarddone 13:32
    93. Wind
    94. GruntGrunt ×2
    95. Naval Construction Turret
    96. GruntGrunt ×4
    97. Wind
    98. GruntGrunt ×3
    99. Naval Construction Turret
    100. GruntGrunt ×3
    101. Wind
    102. GruntGrunt ×9
    103. Wind
    104. GruntGrunt ×4
    105. SlingshotSlingshot
    106. GruntGrunt ×3
    107. Wind
    108. GruntGrunt ×5
    109. Naval Radar / Sonar TowerNaval Radar / Sonar Tower
    110. GruntGrunt ×9
    111. Wind
    112. GruntGrunt
    113. Advanced Construction SubAdvanced Construction Sub
    114. GruntGrunt ×5
    115. Wind
    116. GruntGrunt
    117. SlingshotSlingshot
    118. GruntGrunt ×6
    119. Wind
    120. GruntGrunt ×2
    121. PathfinderPathfinder
    122. GruntGrunt ×4
    123. Advanced Geothermal PowerplantAdvanced Geothermal Powerplantnot finished by 15:00
    124. Wind
    125. GruntGrunt ×3
    126. PathfinderPathfinder
    127. GruntGrunt
    128. SlingshotSlingshot
    129. GruntGrunt
    130. Wind
    131. GruntGrunt
    132. PathfinderPathfinder
    133. GruntGrunt
    134. Naval Radar / Sonar TowerNaval Radar / Sonar Tower
    135. Naval Advanced Metal ExtractorNaval Advanced Metal Extractordone 14:34
    136. GruntGrunt
    137. Wind
    138. PathfinderPathfinder
    139. GruntGrunt ×2
    140. Wind
    141. GruntGrunt
    142. SlingshotSlingshot
    143. GruntGrunt
    144. Wind
    145. GruntGrunt ×3
    146. Tidal
    147. GruntGrunt ×4
    148. Wind
    149. Tidal
    150. GruntGrunt ×3
    151. Naval Advanced Metal ExtractorNaval Advanced Metal Extractor
    152. GruntGrunt ×3
    153. Tidal
    154. GruntGrunt
    155. Naval Radar / Sonar TowerNaval Radar / Sonar Tower
    156. GruntGrunt
    157. Wind
    158. GruntGrunt ×5
    159. Tidal
    160. GruntGrunt

Counts are medians over the build's games: half of them build more, half fewer. The example game is tedsterr's (46 OS, 13/09/2026); pick another.

Team trades

IN AT LEAST 30% OF ITS GAMES

You hand over

  • Wind Turbine2 Wind to Airfirst at 1:48 · in 72% of games

You get

  • Finch1 Finch from Airfirst at 1:51 · in 83% of games
  • Hercules1 Light transport from Airfirst at 2:00 · in 75% of games
  • Advanced Construction Bot1 T2 con bot from Techfirst at 7:44 · in 89% of games

How it plays out

Typical game of this build, running totals by minute

Metal produced

010k20k30k
0:005:0010:0015:00

metal

Enemy metal destroyed

05k10k
0:005:0010:0015:00

metal

Own metal lost

02.5k5k7.5k
0:005:0010:0015:00

metal

1095 games.

Show as table
ByMetal produced: This buildEnemy metal destroyed: This buildOwn metal lost: This build
1:0039700
2:0092800
3:00156700
4:002900051
5:00410813052
6:005463440241
7:006945930551
8:0086091570904
9:001049124521351
10:001261236252061
11:001521948812901
12:001812163983761
13:002141473934451
14:002501686485371
15:002879197536300
WHAT THE NUMBERS SAY

Standard Cortex geo sea sits at an even 50% win rate, trading a slower start for a big resource lead by 15:00.

  • + Metal produced hits 28451 by 15:00, well above both front roles
  • + Own metal lost stays far below enemy metal destroyed at every checkpoint
  • − Only 50% team win rate, the lowest of these six builds
  • − T2 factory only completes in 40% of games by 12:53
THE EXAMPLE YOU ARE READING

tedsterr

45.7 OS · 13/09/2026

Open source match ↗

4 received units · includes a constructor
443 metal received · 67644 energy received

Allied construction assistance is unknown. Timings are observations, not a promise of solo reproducibility.

Typical milestones

Bot Lab1:12Middle 50%: 1:06–1:26 · n=1084
Shipyard3:17Middle 50%: 3:02–3:33 · n=1089
Orca4:19Middle 50%: 3:54–5:00 · n=754
Riptide4:35Middle 50%: 4:08–5:20 · n=1063
Oppressor5:52Middle 50%: 5:08–6:35 · n=991
Geothermal Powerplant7:59Middle 50%: 7:01–9:00 · n=654
Advanced Metal Extractor9:22Middle 50%: 8:45–10:10 · n=940

Played most by

sirniho122games of this buildSHOGVN92games of this buildOptimusprimenutt84games of this buildPRO_Rerory47games of this buildhihimik41games of this build